 Dungeon Crawl Stone Soup version 0.30-a0-799-g109b55a442 (webtiles) character file.

Game seed: 18279884968019235617

814 Aneyh the Trooper (level 7, -7/45 (48) HPs)
             Began as a Tengu Monk on Feb 21, 2023.
             Killed from afar by an oklob sapling (23 damage)
             ... with a splash of acid
             ... on level 5 of the Dungeon.
             The game lasted 00:08:28 (4207 turns).

Aneyh the Trooper (Tengu Monk)                      Turns: 4207, Time: 00:08:29

HP:   -7/45 (48)    AC:  4    Str: 13    XL:     7   Next: 93%
MP:   8/8           EV: 15    Int: 11    God:
Gold: 219           SH:  0    Dex: 16    Spells: 6/6 levels left

rFire   . . .      SeeInvis .    b - +0 halberd
rCold   . . .      Faith    .    (shield currently unavailable)
rNeg    . . .      Spirit   .    c - +0 robe
rPois   .          Reflect  .    (helmet restricted)
rElec   .          Harm     .    q - +0 cloak
rCorr   .          Rampage  .    G - +0 pair of gloves
Will    .....                    (boots unavailable)
Stlth   ++                       (no amulet)
HPRegen 0.27/turn                (no ring)
MPRegen 0.11/turn                (no ring)

@: flying quickly and evasively, drained, quick
A: beak, talons 3, nimble flight
a: no special abilities


You were on level 5 of the Dungeon.
You visited 1 branch of the dungeon, and saw 5 of its levels.

You collected 219 gold pieces.

Inventory:

Hand Weapons
 a - a +0 spear
 b - a +0 halberd (weapon)
 e - a +0 scimitar
 D - a +0 trident
Missiles
 i - a throwing net
 w - 3 poisoned darts
 A - 4 boomerangs (quivered)
Armour
 c - a +0 robe (worn)
 j - a +0 cloak
 q - a +0 cloak (worn)
 u - the +0 robe of the Sky {Fly Str-4 SInv}
   (You found it on level 2 of the Dungeon)

   Str:       It affects your strength (-4).
   SInv:      It lets you see invisible.
   Fly:       It grants you flight.
 G - a +0 pair of gloves (worn)
 H - a +0 crystal plate armour
Scrolls
 d - a scroll of poison {unknown}
 k - a scroll of summoning {unknown}
 l - a scroll of noise {unknown}
 o - a scroll of fog {unknown}
 r - a scroll of amnesia
 t - a scroll of torment {unknown}
 v - a scroll of blinking {unknown}
 y - a scroll of fear {unknown}
 B - a scroll of vulnerability {unknown}
 C - 2 scrolls of teleportation
 F - a scroll of enchant armour {unknown}
Potions
 f - a potion of flight {unknown}
 g - 2 potions of heal wounds
 h - 2 potions of degeneration {unknown}
 m - 3 potions of haste
 n - 3 potions of might
 p - a potion of invisibility {unknown}
 s - 2 potions of curing {unknown}
 x - a potion of resistance {unknown}
 z - a potion of magic {unknown}
 E - 2 potions of attraction {unknown}


   Skills:
 + Level 7.5 Fighting
 * Level 6.5 Polearms
 - Level 3.2 Dodging
 - Level 2.0 Stealth


You had 6 spell levels left.
You didn't know any spells.
Your spell library contained the following spells:

 Spells                   Type           Power      Damage    Failure   Level
 Blink                    Tloc           0%         N/A       47%         2
 Lesser Beckoning         Tloc           0%         N/A       47%         2
 Momentum Strike          Conj/Tloc      0%         3d8       47%         2
 Inner Flame              Hex/Fire       0%         N/A       71%         3
 Flame Wave               Conj/Fire      0%         2d4       98%         4
 Sticky Flame             Conj/Fire      0%         2d3       98%         4


Dungeon Overview and Level Annotations

Branches:
Dungeon (5/15)             Temple (0/1) D:5

Altars:
Gozag
Ru

Shops:
D:4 ?

Annotations:
D:5 exclusion: oklob sapling


Innate Abilities, Weirdness & Mutations

You have a beak for a mouth.
You have claws for feet.
Your magical nature lets you fly swiftly and evasively.


Message History

You hit the wight but do no damage. Your kick misses the wight.
You peck the wight.
The wight is heavily damaged.
The wight hits you with a +0 short sword.
You feel drained.
You hit the wight but do no damage. Your kick misses the wight.
The wight is heavily damaged.
The wight completely misses you.
You closely miss the wight. Your kick misses the wight.
The wight is heavily damaged.
The wight barely misses you.
You closely miss the wight. Your kick misses the wight.
The wight is heavily damaged.
The wight misses you.
You hit the wight. You claw the wight.
You destroy the wight!
Things that are here:
a +0 short sword; a +0 robe You start resting.
HP restored.
You start waiting.
Done waiting.
Really fly into a travel-excluded area?
Throw: throwing net
Press: ? - help, Q - select action, (/) - cycle Shift-Dir - straight line, f - oklob sapling
Aim: an oklob sapling (98% to hit, immune to nets)
Okay, then.
The oklob sapling spits acid at you. The splash of acid hits you!
You hit the oklob sapling but do no damage.
You claw the oklob sapling.
The oklob sapling is moderately damaged.
The oklob sapling spits acid at you. The splash of acid hits you!!
You puncture the oklob sapling!
The oklob sapling is severely damaged.
The oklob sapling spits acid at you. The splash of acid hits you!!
Ouch! That really hurt!
You die...

.................###...
........................
........[........#......
........................
..#.....................
....##.........P....P...
...................P....
..........#.....P..P.#
.#.##...#.#....P@>.PP#
...##...#.....P.PPP...#
....#.....?.....PPPP....
........#......P.....##.
..##.......#.......#...
..###......#..........##
..............#......
..........<....##.....
.>.........#...


You could see an oklob sapling.

Vanquished Creatures
  An ogre (D:5)
  An ice beast (D:5)
  A necrophage (D:5)
  3 scorpions
  2 wights
  2 orc priests (D:3)
  An iguana (D:4)
  5 adders
  7 gnolls
  3 worms
  3 dart slugs
  8 orcs
  5 bats
  11 endoplasms
  3 giant cockroaches
  3 goblins
  5 hobgoblins
  2 jackals (D:1)
  7 kobolds
  5 quokkas
  6 ball pythons
  6 frilled lizards
  9 rats
99 creatures vanquished.

Vanquished Creatures (others)
  10 plants (D:5)
10 creatures vanquished.

Grand Total: 109 creatures vanquished

Notes
Turn   | Place    | Note
-------+----------+-------------------------------------------
     0 | D:1      | Aneyh the Tengu Monk began the quest for the Orb.
     0 | D:1      | Reached XP level 1. HP: 14/14 MP: 2/2
   138 | D:1      | Reached XP level 2. HP: 17/19 MP: 3/3
   308 | D:1      | Reached skill level 4 in Fighting
   367 | D:1      | Reached XP level 3. HP: 24/24 MP: 4/4
   439 | D:1      | Found a faded altar of an unknown god.
   881 | D:2      | Reached XP level 4. HP: 28/30 MP: 5/5
   881 | D:2      | Found an opulent altar of Gozag.
   943 | D:2      | Reached skill level 5 in Fighting
  1120 | D:2      | Identified the +0 robe of the Sky {Fly Str-4 SInv}
  1278 | D:3      | Gained mutation: Your magical nature lets you fly swiftly
                  | and evasively. [Tengu growth]
  1278 | D:3      | Reached XP level 5. HP: 34/35 MP: 6/6
  1407 | D:3      | Reached skill level 6 in Fighting
  1637 | D:3      | Reached XP level 6. HP: 24/42 MP: 7/7
  1895 | D:3      | Found a sacrificial altar of Ru.
  2224 | D:4      | Found an opulent altar of Gozag.
  2505 | D:4      | Found Renteona's Magic Scroll Shop.
  3032 | D:5      | Entered Level 5 of the Dungeon
  3053 | D:5      | Reached skill level 7 in Fighting
  3280 | D:5      | Reached skill level 5 in Polearms
  3280 | D:5      | Reached XP level 7. HP: 18/48 MP: 8/8
  3481 | D:5      | Found a staircase to the Ecumenical Temple.
  4207 | D:5      | Killed from afar by an oklob sapling

Illustrated notes

Levels and vault maps discovered:
D:1:      zelgadis_glass_arrival_small, layout_loops_ring,
          hellmonk_ecumenical_altar_pennies_from_heaven, serial_bayou_pond_d,
          kennysheep_decorative_pillar
D:2:      layout_loops_cross, basic_altar
D:3:      layout_rooms, nicolae_ru_awakened_eye
D:4:      layout_basic, grunt_gozag_breadcrumbs, serial_shops, shop
D:5:      layout_cave_pools, minmay_temple_entry_oklob, bh_walls_and_bars,
          uniq_eustachio, uniq_prince_ribbit1

Skill      XL: |  1  2  3  4  5  6  7 |
---------------+----------------------+-----
Fighting       | 4 5 6 7 |  7.5
Polearms       | 5 6 |  6.5
Dodging        | |  3.2
Stealth        | |  2.0

Action                     |  1- 3 |  4- 6 |  7- 9 || total
---------------------------+-------+-------+-------++-------
  Melee: Spear             |    91 |    40 |       ||   131
         Kick              |    13 |    33 |    13 ||    59
         Peck              |     8 |    18 |     5 ||    31
         Halberd           |       |    99 |    37 ||   136
  Throw: Dart              |       |     4 |       ||     4
         Throwing net      |       |       |     1 ||     1
    Use: Potion            |       |     1 |       ||     1
         Scroll            |       |     1 |     3 ||     4
   Stab: Sleeping          |     9 |    12 |       ||    21
 Armour: Robe              |     9 |    12 |     4 ||    25
  Dodge: Dodged            |    28 |    75 |    15 ||   118

Table legend: (Time is in decaauts)
 A = Elapsed time spent in this place.
 B = Non-inter-level travel time spent in this place.
 C = Inter-level travel time spent in this place.
 D = Time resting spent in this place.
 E = Time spent auto-exploring this place.
 F = Levels seen in this place.
 G = Mean time per level.
                   A        B        C        D        E       F      G
               +--------+--------+--------+--------+--------+-----+--------+
         Total |   4094 |   4052 |     42 |   1172 |   2011 |   5 |  818.8 |
       Dungeon |   4094 |   4052 |     42 |   1172 |   2011 |   5 |  818.8 |
               +--------+--------+--------+--------+--------+-----+--------+

Top non-repeatable levels by time:
     D:4: 1285 daAuts
     D:5: 814 daAuts
     D:3: 764 daAuts
     D:2: 700 daAuts
     D:1: 528 daAuts
